 Dungeon Crawl Stone Soup version 0.29.1-12-g30fa7ad0bf (webtiles) character file.

Game seed: 14106814047581729815

159 MacCMillion the Chiller (level 5, -3/35 HPs)
             Began as a Merfolk Ice Elementalist on Jan 15, 2023.
             Slain by Menkaure (6 damage)
             ... on level 4 of the Dungeon.
             The game lasted 00:05:49 (3299 turns).

MacCMillion the Chiller (Merfolk Ice Elementalist)  Turns: 3299, Time: 00:05:50

Health: -3/35      AC: 16    Str:  8    XL:     5   Next: 40%
Magic:  8/8        EV: 10    Int: 19    God:
Gold:   154        SH:  0    Dex: 15    Spells: 1/8 levels left

rFire   . . .      SeeInvis .   p - +2 dagger (protect)
rCold   . . .      Faith    .   (no shield)
rNeg    . . .      Spirit   .   i - +1 ring mail of Discretion {rElec Int+3}
rPois   .          Reflect  .   (no helmet)
rElec   +          Harm     .   (no cloak)
rCorr   .          Rampage  .   (no gloves)
Will    .....                   (no boots)
Stlth   +.........              j - amulet of magic regeneration
HPRegen 0.11/turn               (no ring)
MPRegen 0.51/turn               (no ring)

@: ice-armoured, under a protective aura
A: (nimble swimmer 2), mertail
a: no special abilities


You were on level 4 of the Dungeon.
You visited 1 branch of the dungeon, and saw 4 of its levels.

You collected 154 gold pieces.

Inventory:

Hand Weapons
 h - a +0 sling
 p - a +2 dagger of protection (weapon)
 v - a +3 dagger of freezing
Missiles
 k - 11 poisoned darts
 x - 2 throwing nets
Armour
 a - a +0 robe
 i - the +1 ring mail of Discretion (worn) {rElec Int+3}
   (You found it on level 2 of the Dungeon)

   Int:       It affects your intelligence (+3).
   rElec:     It insulates you from electricity.
Jewellery
 j - an amulet of magic regeneration (around neck)
Wands
 t - a wand of flame (14)
Scrolls
 c - a scroll of poison {unknown}
 d - 4 scrolls of teleportation {unknown}
 e - 2 scrolls of identify {unknown}
 f - a scroll of immolation {unknown}
 l - a scroll of noise {unknown}
 m - a scroll of torment {unknown}
 n - 2 scrolls of amnesia {unknown}
 r - a scroll of fear {unknown}
 s - a scroll of blinking {unknown}
 y - a scroll of magic mapping {unknown}
Potions
 b - 2 potions of magic
 g - a potion of attraction {unknown}
 o - 3 potions of curing {unknown}
 q - a potion of invisibility {unknown}
 u - a potion of ambrosia {unknown}
 w - a potion of mutation {unknown}
 z - a potion of resistance {unknown}


   Skills:
 - Level 2.6 Dodging
 - Level 2.1 Stealth
 - Level 2.0 Spellcasting
 + Level 7.1 Ice Magic


You had one spell level left.
You knew the following spells:

 Your Spells              Type           Power      Damage    Failure   Level
a - Freeze                Ice            100%       1d11      2%          1
b - Frozen Ramparts       Ice            58%        1d9       9%          3
c - Ozocubu's Armour      Ice            29%        N/A       9%          3

Your spell library contained the following spells:

 Spells                   Type           Power      Damage    Failure   Level
 Apportation              Tloc           2%         N/A       45%         1
 Sting                    Tmut/Pois      4%         1d3       45%         1
 Blink                    Tloc           2%         N/A       61%         2
 Poisonous Vapours        Pois/Air       2%         N/A       61%         2
 Hailstorm                Conj/Ice       15%        3d5       75%         4
 Lesser Beckoning         Tloc           1%         N/A       83%         3
 Olgreb's Toxic Radiance  Pois           1%         N/A       99%         4
 Alistair's Intoxication  Tmut/Pois      0%         N/A       100%        5
 Manifold Assault         Tloc           1%         N/A       100%        5


Dungeon Overview and Level Annotations

Branches:
Dungeon (4/15)
 Temple: D:4-7

Altars:
Ashenzari

Annotations:
D:3 1 runed translucent door, Crazy Yiuf
D:4 Edmund, Menkaure


Innate Abilities, Weirdness & Mutations

((You are very nimble when in or above water. (Stealth+, EV+, Speed+++)))
Your lower body shifts to a powerful aquatic tail in water.


Message History

The orc shouts!
You hit Menkaure.
Your weapon exudes an aura of protection.
Menkaure is lightly damaged.
You hear a shout!
Menkaure hits you!
You hit Menkaure.
Menkaure is moderately damaged.
The ufetubus closely misses you.
The ufetubus hits you but does no damage.
Menkaure hits you!
The ufetubus hits you but does no damage.
The ufetubus hits you.
You barely miss Menkaure.
Menkaure is moderately damaged.
Menkaure calls on the powers of darkness!
Your body is wracked with pain!
* * * LOW HITPOINT WARNING * * *
The orc convulses!
The scorpion convulses!
The kobold convulses!
The orc convulses! x2; The ufetubus closely misses you.
The ufetubus hits you but does no damage.
The orc barely misses you.
You hit Menkaure.
Menkaure is moderately damaged.
The ufetubus barely misses you.
The ufetubus hits you but does no damage.
The scorpion stings you but does no damage.
Menkaure calls on the powers of darkness!
Your body is wracked with pain!
* * * LOW HITPOINT WARNING * * *
The orc convulses!
The scorpion convulses!
The kobold convulses!
The orc convulses! x2; The orc hits you but does no damage.
The ufetubus hits you.
* * * LOW HITPOINT WARNING * * *
The ufetubus hits you but does no damage.
You hit Menkaure.
Menkaure is heavily damaged.
Menkaure shouts, "You disturbed my rest!
Die!"
Menkaure hits you.
You die...

###
##.################
#.....†..<.......#.
##.#############...
#######.#######
#..#
......M@......#
##..
###.##o5s####.# ##.
#.K.# #. #oo.# #.
#...# ##.### .....
...... ....# ##.###
##..## #.# # #.###


You could see Menkaure (fast), a scorpion, 3 orcs, an ufetubus and a kobold.

Vanquished Creatures
  Jessica (D:3)
  6 gnolls
  5 dart slugs (D:1)
  10 ball pythons
  3 endoplasms
  7 giant cockroaches
  5 goblins
  5 hobgoblins
  3 jackals (D:1)
  3 kobolds
  A quokka (D:3)
  6 bats
  4 frilled lizards
  7 rats
66 creatures vanquished.

Notes
Turn   | Place    | Note
-------+----------+-------------------------------------------
     0 | D:1      | MacCMillion the Merfolk Ice Elementalist began the quest
                  | for the Orb.
     0 | D:1      | Reached XP level 1. HP: 13/13 MP: 3/3
   279 | D:1      | Reached XP level 2. HP: 17/19 MP: 3/5
   369 | D:1      | Reached skill level 5 in Ice Magic
   651 | D:1      | Reached XP level 3. HP: 24/24 MP: 2/6
  1278 | D:1      | Learned a level 3 spell: Frozen Ramparts
  1283 | D:2      | Found a faded altar of an unknown god.
  1563 | D:2      | Reached skill level 6 in Ice Magic
  1563 | D:2      | Reached XP level 4. HP: 25/30 MP: 3/7
  1659 | D:2      | Identified the +1 ring mail of Discretion {rElec Int+3}
  1682 | D:2      | Learned a level 3 spell: Ozocubu's Armour
  2032 | D:3      | Found a runed translucent door.
  2033 | D:3      | Noticed Crazy Yiuf
  2205 | D:3      | Identified the +2 leather armour of Lugonu's Outrage
                  | {Rampage +Blink rN+ Regen+}
  2381 | D:3      | Found a faded altar of an unknown god.
  2390 | D:3      | Found a broken altar of Ashenzari.
  2437 | D:3      | Noticed Jessica
  2442 | D:3      | Killed Jessica
  2547 | D:3      | Reached XP level 5. HP: 35/35 MP: 4/8
  2566 | D:3      | Reached skill level 7 in Ice Magic
  3155 | D:4      | Noticed Edmund
  3292 | D:4      | Noticed Menkaure
  3299 | D:4      | Slain by Menkaure

Illustrated notes

Levels and vault maps discovered:
D:1:      lightli_arrival_statue_moat, layout_loops_ring,
          chequers_serial_rivers_room_b
D:2:      layout_basic, ebering_ecumenical_altar_petrified, grunt_decor_fettered
D:3:      layout_basic, nicolae_overflow_ecumenical_swirl,
          grunt_decor_mini_mirrors, uniq_crazy_yiuf_cottage, uniq_jessica
D:4:      layout_loops_ring, corner_web_ring, uniq_menkaure, uniq_edmund

Skill      XL: |  1  2  3  4  5 |
---------------+----------------+-----
Ice Magic      | 5 6 7 |  7.1
Dodging        | |  2.6
Stealth        | |  2.1
Spellcasting   | |  2.0

Action                   |  1- 3 |  4- 6 || total
-------------------------+-------+-------++-------
Melee: Dagger            |    28 |    25 ||    53
       Unarmed           |     1 |       ||     1
 Cast: Freeze            |    42 |    30 ||    72
       Frozen Ramparts   |       |     4 ||     4
       Ozocubu's Armour  |       |     1 ||     1
 Stab: Sleeping          |    10 |     1 ||    11
Armor: Robe              |    11 |       ||    11
       Ring mail         |       |    19 ||    19
Dodge: Dodged            |    32 |    28 ||    60
